AoeStats
← danjo

Golden Pit

503331958Analyzed
1v1 RM · 1mo ago on Aug 31, 2026· 52m 56s· 2 players
Game mode
Random Map
Map size
Tiny (2 player)
Population
200
Speed
Normal
Resources
Standard
Victory
Conquest
Starting age
Dark Age
Ending age
Imperial Age
RankedLock teamsTeams togetherTeam positionsShared explorationLock speedFull tech treeHidden civsTurbo modeCheats
Victory
Defeat
🇺🇸 Japanese · United States
978
+17
🇩🇪 Celts · Germany
1003
-17
TheG4MER14
9:47 Loom
11:32 Feudal Age
14:07 Horse Collar
15:38 Double-Bit Axe
22:02 Castle Age
26:03 Bow Saw
27:12 Wheelbarrow
28:02 Forging
27:53 Scale Mail Armor
30:25 Town Watch
32:12 Heavy Plow
32:42 Squires
34:18 Arson
34:19 Gambesons
40:45 Chain Mail Armor
46:44 Iron Casting
52:36 Imperial Age
50:21 Hand Cart
50:29 Hand Cart
danjo
11:28 Feudal Age
15:50 Castle Age
13:59 Double-Bit Axe
15:00 Loom
26:31 Scale Mail Armor
28:19 Forging
28:49 Chain Mail Armor
29:05 Gold Mining
30:30 Husbandry
31:44 Iron Casting
31:00 Horse Collar
32:23 Scale Barding Armor
32:33 Fletching
35:50 Murder Holes
37:36 Gold Shaft Mining
38:54 Chain Barding Armor
41:55 Imperial Age
39:26 Light Cavalry
41:07 Bodkin Arrow
43:58 Stone Mining
45:52 Blast Furnace
44:18 Cavalier
46:12 Wheelbarrow
48:41 Plate Mail Armor
Connection lost

Rejoining the realm…

Still unreachable

The connection could not be restored.

Session expired

The server has moved on; the page needs a fresh start.